 Dungeon Crawl Stone Soup version 0.23.1 (webtiles) character file.

Game seed: 18369917725473509420

6556 Borgoz the Cleaver (level 11, -1/91 HPs)
             Began as a Gargoyle Fighter on Mar 9, 2019.
             Was an Elder of Hepliaklqana.
             Slain by Snorg (8 damage)
             ... on level 10 of the Dungeon.
             The game lasted 00:14:32 (8062 turns).

Borgoz the Cleaver (Gargoyle Fighter)               Turns: 8062, Time: 00:14:33

Health: -1/91      AC: 21    Str: 26    XL:     11   Next: 1%
Magic:  20/20      EV: 12    Int: 15    God:    Hepliaklqana [****..]
Gold:   514        SH: 12    Dex: 17    Spells: 2/10 levels left

rFire    . . .     SeeInvis .   a - +9 hand axe of Disgust {chop, MR+ MP+9 Int+5}
rCold    . . .     Gourm    .   c - +0 shield
rNeg     + . .     Faith    .   l - +3 ring mail
rPois    ∞         Spirit   .   m - +0 helmet
rElec    +         Reflect  .   q - +0 cloak (curse)
rCorr    .         Harm     .   D - +0 pair of gloves of Discretion {Dex+4} (curse)
MR       +....                  (no boots)
Stlth    ..........             (no amulet)
HPRegen  0.25/turn              x - +3 ring of dexterity
MPRegen  0.17/turn              (no ring)

@: berserking (expiring), very quick
A: reduced essence, negative energy resistance 1, electricity resistance,
unbreathing, petrification resistance, rot immunity, AC +8
a: Recall Ancestor, Ancestor Identity, Transference, Idealise, Renounce Religion


You were on level 10 of the Dungeon.
You worshipped Hepliaklqana.
Hepliaklqana was greatly pleased with you.
You were hungry.

You visited 2 branches of the dungeon, and saw 11 of its levels.

You collected 514 gold pieces.

Inventory:

Hand Weapons
 a - the +9 hand axe of Disgust (weapon) {chop, MR+ MP+9 Int+5}
   (You found it on level 5 of the Dungeon)

   It inflicts extra damage upon your enemies.
   It affects your intelligence (+5).
   It affects your resistance to hostile enchantments.
   It affects your magic capacity (+9).
 b - a +0 blowgun
 d - a +4 quarterstaff of chaos
 w - a +2 flail of crushing
Missiles
 B - 7 tomahawks (quivered)
 J - 7 poisoned needles
 O - 2 exploding tomahawks
Armour
 c - a +0 shield (worn)
 l - a +3 ring mail (worn)
 m - a +0 helmet (worn)
 q - a cursed +0 cloak (worn)
 D - the cursed +0 pair of gloves of Discretion (worn) {Dex+4}
   (You found it on level 7 of the Dungeon)

   It affects your dexterity (+4).
   It has a curse placed upon it.
Jewellery
 i - an uncursed amulet of regeneration {unknown}
 x - a +3 ring of dexterity (left hand)
Wands
 p - a wand of flame (25)
 u - a wand of paralysis (1)
 A - a wand of digging (3)
 C - a wand of random effects (15)
 H - a wand of iceblast (5)
Scrolls
 e - a scroll of enchant armour {unknown}
 k - 4 scrolls of remove curse
 r - 3 scrolls of immolation
 t - 4 scrolls of amnesia {unknown}
 v - 5 scrolls of fear
 y - 5 scrolls of fog {unknown}
 z - 6 scrolls of magic mapping {unknown}
 E - 4 scrolls of identify
 F - a scroll of silence {unknown}
 G - a scroll of enchant weapon {unknown}
 I - a scroll of summoning {unknown}
 L - a scroll of blinking {unknown}
 M - 2 scrolls of teleportation {unknown}
Potions
 g - 3 potions of lignification
 h - 4 potions of curing
 j - a potion of invisibility
 n - 3 potions of brilliance
 o - a potion of berserk rage
 s - 3 potions of might
 K - 2 potions of haste
 P - a potion of agility {unknown}
Comestibles
 f - 17 rations


   Skills:
 + Level 7.9 Fighting
 + Level 8.5(9.1) Axes
 - Level 4.8(7.7) Maces & Flails
 + Level 6.7 Armour
 + Level 4.2 Dodging
 + Level 4.7 Stealth
 + Level 8.0 Shields


You had 2 spell levels left.
You knew the following spells:

 Your Spells              Type           Power        Failure   Level  Hunger
a - Ensorcelled Hibernat  Hex/Ice        #.....       82%         2    ###....
b - Confuse               Hex            #.......     96%         3    ####...
c - Regeneration          Chrm/Necr      #.........   96%         3    ####...

Your spell library contained the following spells:

 Spells                   Type           Power        Failure   Level  Hunger
 Corona                   Hex            #......      67%         1    ##.....
 Infusion                 Chrm           #...         67%         1    ##.....
 Summon Butterflies       Summ           #.......     67%         1    ##.....
 Shroud of Golubria       Chrm/Tloc      #.........   82%         2    ###....
 Song of Slaying          Chrm           #.......     82%         2    ###....
 Call Canine Familiar     Summ           #.......     96%         3    ####...
 Dazzling Spray           Conj/Hex       #.....       96%         3    ####...
 Spectral Weapon          Hex/Chrm       #.......     96%         3    ####...
 Tukima's Dance           Hex            #.......     96%         3    ####...
 Summon Ice Beast         Ice/Summ       #.......     100%        4    #####..
 Summon Mana Viper        Hex/Summ       #.......     100%        5    ######.
 Summon Hydra             Summ           #.........   100%        7    #######


Dungeon Overview and Level Annotations

Branches:
Dungeon (10/15)            Temple (1/1) D:7             Orc (0/2) D:9
   Lair: D:8-11

Altars:
Ashenzari
Cheibriados
Dithmenos
Elyvilon
Fedhas
Gozag
Hepliaklqana
Kikubaaqudgha
Makhleb
Nemelex Xobeh
Okawaru
Qazlal
Ru
Sif Muna
Trog
Uskayaw
Vehumet
Wu Jian
Xom
Yredelemnul
Zin
The Shining One

Annotations:
D:10 Snorg


Innate Abilities, Weirdness & Mutations

You are resistant to torment.
Your stone body is resilient. (AC +8)
You are immune to poison.
You resist negative energy. (rN+)
You are resistant to electric shocks. (rElec)
You can survive without breathing.
You are immune to petrification.
You are immune to rotting.
Your life essence is reduced to manifest your ancestor. (-10% HP)


Message History

Snorg is almost dead.
Snorg bites you but does no damage. You block Snorg's attack.
Snorg claws you but does no damage.
You barely miss Snorg.
Snorg is almost dead.
You barely miss Snorg.
Snorg is almost dead.
You block Snorg's attack. Snorg claws you but does no damage.
Snorg barely misses you.
You slash Snorg!
Snorg is almost dead.
Snorg bites you!
* * * LOW HITPOINT WARNING * * *
Snorg claws you!
* * * LOW HITPOINT WARNING * * *
Snorg claws you but does no damage.
You barely miss Snorg.
Snorg is almost dead.
Snorg bites you!
You die...

#.....#..##)......
#.....'.## .......
#.....### ####+##
###'### #.## #..## ##..#
###+#### #######T##
#......#
#.......@########......#
#.......)......##......#
#........#####.##......#
#.#........# #..'......#
#...).)....# ####......#
###........# ###'#####
######.### #...# ..#
#.### #.## ####'######


You could see Snorg (berserk).

Vanquished Creatures
  A two-headed ogre (D:9)
  Pikel (D:6)
  An ugly thing (D:9)
  A troll (D:9)
  A wyvern (D:9)
  An acid dragon (D:9)
  A black bear (D:7)
  2 ice beasts
  A slave (D:6)
  A sky beast (D:8)
  5 orc warriors
  2 phantoms
  3 ogres
  4 centaurs
  2 big kobolds (D:9)
  3 bullfrogs
  7 scorpions
  A killer bee (D:9)
  6 wights (D:10)
  6 crimson imps
  2 bullfrog zombies
  2 orc priests
  Crazy Yiuf (D:2)
  5 hounds
  3 jellies
  11 orc wizards
  2 bullfrog skeletons
  5 iguanas
  Ijyb (D:4)
  6 worker ants
  A hound skeleton (D:9)
  5 adders
  A shadow imp (D:9)
  2 adder skeletons
  5 worms
  A dart slug (D:2)
  8 leopard geckos
  45 orcs
  10 bats
  2 giant cockroaches (D:1)
  6 goblins
  7 hobgoblins
  13 jackals
  2 quokkas
  A ball python (D:4)
  4 frilled lizards
  15 kobolds
  A quokka skeleton (D:7)
  12 rats
229 creatures vanquished.

Vanquished Creatures (collateral kills)
  3 orc warriors (D:9)
  Blork the orc (D:6)
  A bullfrog (D:6)
  A quasit (D:5)
  A jelly (D:6)
  An orc priest (D:9)
  An orc wizard (D:9)
  2 worker ants
  An adder (D:9)
  A leopard gecko (D:6)
  4 orcs
  A goblin (D:9)
  A kobold (D:9)
19 creatures vanquished.

Vanquished Creatures (others)
  A slave (D:9)
  An ogre (D:6)
  2 hexers (D:10)
  2 ancestors (D:6)
  An adder (D:9)
7 creatures vanquished.

Grand Total: 255 creatures vanquished

Notes
Turn   | Place    | Note
-------+----------+-------------------------------------------
     0 | D:1      | Borgoz the Gargoyle Fighter began the quest for the Orb.
     0 | D:1      | Reached XP level 1. HP: 14/14 MP: 1/1
   125 | D:1      | Reached XP level 2. HP: 5/19 MP: 2/2
   543 | D:1      | Reached XP level 3. HP: 23/24 MP: 3/3
  1174 | D:2      | Reached XP level 4. HP: 29/29 MP: 4/4
  1349 | D:2      | Found a runed translucent door.
  1350 | D:2      | Noticed Crazy Yiuf
  1696 | D:2      | Killed Crazy Yiuf
  1763 | D:3      | Reached XP level 5. HP: 29/34 MP: 5/5
  1896 | D:3      | Reached skill level 1 in Dodging
  1921 | D:3      | Found a hazy altar of Hepliaklqana.
  2301 | D:3      | Became a worshipper of Hepliaklqana the Forgotten
  2351 | D:4      | Reached XP level 6. HP: 33/35 MP: 6/6
  2387 | D:4      | Found a bloodstained altar of Trog.
  2437 | D:4      | Noticed Ijyb
  2443 | D:4      | Paralysed by Ijyb for 2 turns
  2451 | D:4      | Killed Ijyb
  2559 | D:4      | Noticed a phantom
  2599 | D:4      | Killed a phantom
  2783 | D:5      | Entered Level 5 of the Dungeon
  2839 | D:5      | Found a deep blue altar of Sif Muna.
  2902 | D:5      | Reached XP level 7. HP: 34/39 MP: 7/7
  2964 | D:5      | Learned a level 2 spell: Ensorcelled Hibernation
  2968 | D:5      | Learned a level 3 spell: Confuse
  2984 | D:5      | Reached * piety under Hepliaklqana
  3147 | D:5      | Got a translucent hand axe
  3151 | D:5      | Identified the +9 hand axe of Disgust {chop, MR+ MP+9
                  | Int+5} (You found it on level 5 of the Dungeon)
  3167 | D:5      | Reached skill level 5 in Fighting
  3210 | D:5      | Found a glowing golden altar of the Shining One.
  3265 | D:5      | Found an opulent altar of Gozag.
  3475 | D:6      | Noticed Pikel
  3484 | D:6      | Reached skill level 1 in Axes
  3484 | D:6      | Reached skill level 1 in Stealth
  3489 | D:6      | Killed Pikel
  3489 | D:6      | Reached skill level 5 in Armour
  3489 | D:6      | Reached skill level 5 in Shields
  3489 | D:6      | Reached XP level 8. HP: 17/45 MP: 8/8
  4281 | D:6      | Reached XP level 9. HP: 49/49 MP: 9/9
  4299 | D:6      | Found a sacrificial altar of Ru.
  4353 | D:6      | Reached ** piety under Hepliaklqana
  4354 | D:6      | Remembered your ancestor Belshunu as a hexer
  4443 | D:6      | Noticed Blork the orc
  4451 | D:6      | Killed Blork the orc
  4481 | D:6      | Found a burning altar of Makhleb.
  4487 | D:6      | Reached skill level 5 in Axes
  4756 | D:7      | Found a sparkling altar of Nemelex Xobeh.
  4894 | D:7      | Found an ornate altar of the Wu Jian Council.
  5153 | D:7      | Found a staircase to the Ecumenical Temple.
  5174 | Temple   | Entered the Ecumenical Temple
  5561 | D:7      | Got a pair of twisted gloves
  5567 | D:7      | Identified the cursed +0 pair of gloves of Discretion
                  | {Dex+4} (You found it on level 7 of the Dungeon)
  5793 | D:8      | Reached *** piety under Hepliaklqana
  6419 | D:9      | Reached XP level 10. HP: 54/54 MP: 10/10
  6587 | D:9      | Noticed a two-headed ogre
  6601 | D:9      | Killed a two-headed ogre
  6778 | D:9      | Noticed a brown ugly thing
  6792 | D:9      | Killed a brown ugly thing
  6900 | D:9      | Found a staircase to the Orcish Mines.
  7040 | D:9      | Found a snail-covered altar of Cheibriados.
  7158 | D:9      | Found a stormy altar of Qazlal.
  7162 | D:9      | Found a radiant altar of Vehumet.
  7268 | D:9      | Found a bloodstained altar of Trog.
  7393 | D:9      | Found a basalt altar of Yredelemnul.
  7461 | D:9      | Found an iron altar of Okawaru.
  7671 | D:9      | Learned a level 3 spell: Regeneration
  7735 | D:10     | Entered Level 10 of the Dungeon
  7803 | D:10     | Reached **** piety under Hepliaklqana
  7873 | D:10     | Noticed Snorg
  7881 | D:10     | Reached XP level 11. HP: 34/61 MP: 11/11
  8062 | D:10     | Slain by Snorg

Skill      XL: |  1  2  3  4  5  6  7  8  9 10 |
---------------+-------------------------------+-----
Fighting       | 4 5 6 7 |  7.9
Shields        | 4 5 6 8 |  8.0
Maces & Flails | 3 4 |  4.8
Dodging        | 1 2 3 4 |  4.2
Armour         | 4 5 6 |  6.7
Axes           | 3 4 6 8 |  8.5
Stealth        | 2 3 4 |  4.7

Action                   |  1- 3 |  4- 6 |  7- 9 | 10-12 || total
-------------------------+-------+-------+-------+-------++-------
Melee: Flail             |   131 |   202 |    10 |       ||   343
       Hand axe          |       |       |   199 |   165 ||   364
Invok: Ancestor Life: He |       |       |     1 |       ||     1
  Use: Scroll            |     2 |     4 |     4 |       ||    10
       Potion            |       |     1 |     2 |     2 ||     5
 Stab: Distracted        |       |       |     3 |     1 ||     4
       Sleeping          |       |       |     4 |     3 ||     7
       Confused          |       |       |       |     1 ||     1
  Eat: Chunk             |     1 |     6 |    10 |     6 ||    23
Armor: Scale mail        |    73 |       |       |       ||    73
       Ring mail         |       |   128 |    83 |    51 ||   262
       Skin              |       |       |     7 |       ||     7
Dodge: Dodged            |    36 |   114 |    79 |    52 ||   281
Block: Shield            |    79 |   125 |   101 |   106 ||   411
